Map: Heavy Artillery LE

Players

Hoorly

  • Race: Protoss Protoss
  • League: Diamond

Guinness

  • Race: Terran Terran

qqq - Winner!

  • Race: Zerg Zerg

Massa - Winner!

  • Race: Terran Terran
  • League: Platinum

VOD

Have the link to the VOD?

Description

Time

  • Played on: April 27, 2021, 11:18 a.m.
  • Length: 15:22
Show
View Real Time Build Order
Export as new Build Order

Hoorly Protoss 

Build Orders:  

Get SALT Encoding   

  12  0:01  Probe  
  13  0:14  Pylon  
  13  0:16  Probe  
  14  0:29  Probe (Chrono Boost)  
  14  0:35  Forge  
  15  0:41  Probe (Chrono Boost)  
  17  0:50  Probe (Chrono Boost)  
  17  0:55  Probe  
  18  1:07  Pylon  
  18  1:27  Photon Cannon  
  18  1:28  Photon Cannon  
  18  1:29  Gateway  
  17  1:34  Pylon  
  17  1:41  Gateway  
  17  1:56  Pylon  
  17  2:02  Photon Cannon  
  17  2:07  Assimilator  
  17  2:09  Assimilator  
  17  2:10  Probe  
  18  2:19  Photon Cannon  
  19  2:22  Probe  
  19  2:29  Cybernetics Core  
  19  2:47  Photon Cannon  
  18  2:55  Photon Cannon  
  18  2:57  Pylon  
  18  3:07  Shield Battery  
  18  3:09  Probe  
  18  3:21  Probe  
  17  3:33  Probe  
  17  3:40  Photon Cannon  
  17  3:49  Probe  
  17  4:01  Probe  
  18  4:11  Twilight Council  
  18  4:13  Probe  
  19  4:25  Probe  
  20  4:38  Probe (Chrono Boost)  
  21  4:48  Probe (Chrono Boost)  
  21  4:49  Photon Cannon  
  22  4:53  Probe (Chrono Boost)  
  23  5:02  Dark Shrine  
  23  5:08  Warp Gate (Chrono Boost)  
  23  5:19  Charge  
  23  5:20  Pylon  
  23  5:30  Probe  
  24  5:43  Nexus  
  24  5:48  Pylon  
  24  5:58  Gateway  
  24  6:03  Gateway  
  24  6:07  Pylon  
  24  6:12  Photon Cannon  
  24  6:16  Probe  
  25  6:25  Gateway  
  25  6:28  Probe  
  26  6:35  Gateway  
  26  6:40  Probe  
  27  6:49  Shield Battery  
  27  6:54  Shield Battery  
  27  6:56  Photon Cannon  
  27  7:11  Dark Templar  
  27  7:14  Dark Templar  
  31  7:22  Dark Templar  
  33  7:29  Probe  
  34  7:32  Probe  
  34  7:35  Protoss Ground Weapons Level 1 (Chrono Boost)  
  35  7:42  Probe  
  36  7:44  Probe  
  37  7:54  Probe  
  34  8:09  Dark Templar  
  34  8:10  Dark Templar  
  24  8:13  Dark Templar  
  21  8:31  Probe  
  22  8:44  Probe  
  22  8:47  Nexus  
  23  8:56  Probe  
  24  9:05  Probe  
  24  9:08  Probe  
  26  9:13  Photon Cannon  
  26  9:17  Probe  
  26  9:20  Probe  
  28  9:29  Probe  
  29  9:32  Zealot x2  
  29  9:33  Zealot x2  
  37  9:41  Probe  
  38  9:57  Probe  
  39  10:08  Pylon  
  39  10:10  Probe (Chrono Boost)  
  39  10:11  Probe (Chrono Boost)  
  39  10:12  Pylon  
  41  10:20  Probe (Chrono Boost)  
  41  10:21  Probe x2 (Chrono Boost)  
  44  10:25  Probe (Chrono Boost), Pylon  
  44  10:26  Probe (Chrono Boost)  
  44  10:28  Pylon  
  46  10:30  Probe  
  46  10:31  Pylon  
  47  10:36  Probe  
  47  10:42  Probe  
  49  10:44  Photon Cannon  
  49  10:47  Photon Cannon  
  49  10:48  Probe  
  50  10:50  Protoss Ground Weapons Level 2 (Chrono Boost)  
  50  10:54  Probe  
  51  11:00  Probe  
  50  11:06  Probe  
  51  11:16  Dark Templar  
  53  11:21  Zealot x3  
  59  11:45  Probe x2  
  61  11:52  Stargate  
  59  11:55  Pylon  
  59  11:57  Probe x2  
  59  11:59  Pylon  
  59  12:01  Gateway  
  61  12:06  Photon Cannon, Shield Battery  
  59  12:09  Probe x2  
  59  12:10  Gateway  
  59  12:11  Gateway x2  
  55  12:21  Probe x2  
  57  12:26  Dark Templar  
  57  12:27  Dark Templar  
  61  12:33  Probe x2  
  63  12:45  Probe  
  54  13:12  Assimilator  
  54  13:14  Assimilator  
  54  13:16  Templar Archives  
  54  13:18  Pylon  
  54  13:21  Zealot x4  
  45  13:59  Zealot x4  
  53  14:06  Gateway  
  53  14:08  Gateway  
  53  14:10  Gateway  
  53  14:13  Gateway  
  51  14:18  Gateway  
  51  14:21  Gateway  
  45  14:24  Dark Templar x2  
  45  14:25  Dark Templar  
  45  14:26  Zealot  
Show
View Real Time Build Order
Export as new Build Order

Guinness Terran 

Build Orders: 2 Factory, Reaper Expand, Mech 

Get SALT Encoding   

  12  0:00  SCV  
  13  0:12  SCV  
  14  0:17  Supply Depot  
  14  0:24  SCV  
  15  0:39  SCV  
  15  0:41  Barracks  
  16  0:46  Refinery  
  16  0:52  Supply Depot  
  16  0:55  SCV  
  16  1:13  SCV  
  17  1:25  SCV  
  18  1:41  Command Center  
  18  1:47  Reaper  
  18  1:52  Orbital Command  
  19  1:59  Refinery  
  19  2:21  Factory  
  19  2:25  SCV  
  20  2:37  SCV  
  21  2:42  Barracks Reactor  
  20  2:49  SCV  
  20  2:50  Bunker  
  21  2:53  Bunker  
  21  2:54  Bunker  
  21  3:17  Factory  
  21  3:24  Hellion x2  
  21  3:26  Marine  
  26  3:32  Orbital Command  
  26  3:35  SCV  
  27  3:46  Hellion x2  
  31  3:55  Barracks Tech Lab  
  31  3:56  SCV  
  32  4:03  SCV  
  32  4:04  Factory Reactor  
  32  4:08  Factory Tech Lab  
  33  4:14  Widow Mine  
  33  4:15  Widow Mine, SCV  
  38  4:22  Starport  
  38  4:25  SCV  
  39  4:34  SCV  
  39  4:35  Widow Mine  
  39  4:36  Refinery, Widow Mine  
  39  4:37  SCV  
  45  4:39  Refinery  
  45  4:46  SCV  
  46  5:01  Supply Depot  
  46  5:04  Supply Depot  
  46  5:05  Supply Depot  
  46  5:11  Supply Depot  
  46  5:23  Hellion x2, Siege Tank  
  46  5:27  Starport Reactor  
  53  5:40  Factory  
  53  5:43  SCV x2  
  53  5:45  Factory  
  53  5:46  Factory  
  55  5:55  SCV x2  
  57  6:01  Siege Tank  
  57  6:02  Hellion x2  
  64  6:07  SCV x2, Engineering Bay  
  66  6:19  SCV, Viking  
  66  6:20  SCV, Viking  
  72  6:32  SCV x2  
  74  6:38  Command Center  
  74  6:44  SCV  
  75  6:47  Siege Tank  
  75  6:51  Factory Tech Lab  
  75  6:52  Factory Tech Lab  
  78  7:10  Missile Turret  
  78  7:12  Missile Turret  
  78  7:15  Missile Turret x2  
  78  7:19  Supply Depot  
  78  7:22  Supply Depot  
  78  7:24  Supply Depot  
  78  7:31  Neosteel Armor  
  78  7:41  SCV x2, Hellion  
  82  7:45  Siege Tank  
  82  7:47  Viking  
  90  7:53  SCV x2  
  90  7:57  Missile Turret  
  90  7:58  Siege Tank  
  95  8:00  Hellion  
  95  8:02  Hellion  
  99  8:07  Missile Turret  
  96  8:17  Viking  
  96  8:21  Armory  
  94  8:45  SCV x3  
  97  8:49  Widow Mine  
  97  8:50  Widow Mine x3  
  97  8:51  Widow Mine, Missile Turret  
  97  8:52  Missile Turret  
  97  8:53  Missile Turret x2  
  97  8:54  Missile Turret  
  107  9:01  Armory  
  103  9:03  SCV x3  
  103  9:06  Missile Turret x2  
  106  9:10  Missile Turret  
  106  9:15  SCV x2, Missile Turret  
  106  9:16  SCV  
  109  9:22  Missile Turret  
  102  9:44  Thor x2  
  105  10:03  Thor  
  111  10:09  SCV x2  
  111  10:10  Missile Turret  
  111  10:11  Missile Turret  
  111  10:13  Missile Turret  
  114  10:16  Orbital Command  
  113  10:21  SCV x2  
  115  10:33  SCV x2  
  115  10:35  Missile Turret  
  117  10:46  Missile Turret  
  117  10:48  Missile Turret  
  117  11:19  SCV  
  117  11:22  SCV  
  117  11:23  SCV, Viking  
  117  11:24  Viking  
  116  11:31  SCV  
  115  11:34  SCV, Thor  
  115  11:35  SCV  
  117  12:00  Supply Depot x2  
  117  12:04  Supply Depot  
  117  12:05  Supply Depot  
  117  12:07  Refinery  
  117  12:08  Refinery  
  117  12:15  Terran Ship Weapons Level 1  
  117  12:16  Terran Vehicle And Ship Armor Level 1  
  117  12:22  Widow Mine x2, SCV x3, Siege Tank x2  
  130  12:25  Thor  
  130  12:27  Supply Depot  
  130  12:29  Thor x2  
  136  12:31  Viking x2  
  136  12:34  SCV x2  
  142  12:39  Missile Turret  
  142  12:42  Missile Turret  
  142  12:43  Widow Mine  
  144  12:45  Missile Turret  
  144  12:53  Thor  
  144  12:54  Thor  
  156  13:12  Viking  
  157  13:16  Viking  
  153  13:20  Thor  
  145  13:36  Thor  
  145  13:37  Siege Tank  
  154  14:02  Viking x2  
  149  14:03  Siege Tank  
  113  14:20  Siege Tank x2  
  105  14:33  Hellion x2  
  105  14:35  Siege Tank  
Show
View Real Time Build Order
Export as new Build Order

qqq Zerg - Winner!

Build Orders: Hatch First, Brood Lord Corruptor 

Get SALT Encoding   

  12  0:00  Drone  
  13  0:08  Drone  
  14  0:19  Overlord  
  14  0:47  Hatchery  
  13  0:54  Drone x2  
  13  0:55  Drone  
  16  1:07  Drone  
  17  1:37  Extractor, Drone  
  17  1:38  Drone, Spawning Pool  
  17  1:39  Drone  
  19  1:56  Hatchery  
  18  2:01  Overlord  
  18  2:02  Overlord  
  18  2:20  Drone  
  18  2:21  Drone  
  20  2:27  Queen  
  22  2:32  Drone  
  23  2:45  Metabolic Boost  
  23  2:51  Spine Crawler  
  22  2:52  Drone  
  22  2:54  Drone  
  26  3:10  Drone  
  26  3:11  Drone  
  26  3:20  Drone x2  
  26  3:23  Lair  
  26  3:26  Queen  
  30  3:40  Drone  
  30  3:41  Drone x2  
  33  3:51  Extractor, Drone x3  
  35  4:08  Drone  
  36  4:10  Overlord x2  
  36  4:16  Extractor, Drone  
  36  4:18  Extractor  
  36  4:21  Drone  
  36  4:27  Overlord  
  36  4:28  Overlord x3  
  36  4:35  Drone  
  36  4:37  Drone x4  
  41  4:48  Spire  
  41  4:49  Drone x2  
  41  4:50  Infestation Pit  
  41  5:06  Drone x4  
  45  5:12  Spore Crawler x2  
  45  5:13  Overseer  
  43  5:15  Pneumatized Carapace  
  43  5:16  Drone x5  
  48  5:28  Hive  
  48  5:34  Overseer  
  48  5:41  Drone x2  
  48  5:42  Drone x6  
  56  6:19  Mutalisk x6  
  68  6:29  Hatchery, Mutalisk  
  68  6:32  Mutalisk  
  71  6:44  Drone  
  71  6:45  Drone x3, Overlord  
  75  6:53  Mutalisk  
  75  6:58  Mutalisk x2  
  81  7:15  Greater Spire  
  81  7:19  Drone x2  
  81  7:20  Drone x3  
  81  7:21  Drone x4  
  90  7:29  Mutalisk  
  92  7:41  Mutalisk  
  92  7:42  Mutalisk  
  96  7:47  Drone  
  96  7:48  Drone x2  
  96  8:00  Hatchery  
  92  8:11  Corruptor x3  
  98  8:26  Corruptor  
  98  8:28  Overlord x6  
  98  8:32  Extractor  
  98  8:33  Extractor, Queen  
  98  8:44  Hatchery  
  95  9:02  Corruptor x3  
  95  9:03  Corruptor x2  
  95  9:08  Drone  
  106  9:33  Corruptor  
  106  9:34  Corruptor x2  
  106  9:55  Corruptor x2  
  110  10:09  Drone x7  
  110  10:10  Drone x4  
  121  10:17  Queen  
  121  10:19  Queen  
  125  10:22  Zerg Flyer Weapons Level 1  
  125  10:27  Brood Lord x2  
  129  10:29  Drone x3  
  129  10:30  Drone x2  
  129  10:32  Extractor  
  129  10:34  Extractor  
  132  10:46  Brood Lord x2  
  136  10:50  Brood Lord  
  136  10:53  Queen  
  136  10:56  Drone x5  
  144  10:57  Drone x6  
  149  11:24  Hatchery  
  146  11:29  Hatchery  
  126  11:47  Drone x3  
  126  11:49  Mutalisk x4  
  126  11:50  Zergling x8, Viper  
  126  11:51  Zergling x2, Viper  
  126  11:52  Corruptor  
  150  11:55  Overlord  
  150  11:56  Overlord x8  
  150  12:01  Spine Crawler  
  150  12:02  Spine Crawler, Spore Crawler  
  150  12:03  Spine Crawler  
  150  12:04  Spine Crawler  
  150  12:08  Drone x3  
  145  12:17  Drone x2  
  145  12:18  Drone x2  
  145  12:20  Zerg Flyer Armor Level 1  
  149  12:27  Corruptor x2  
  149  12:28  Corruptor  
  155  12:39  Zergling x10  
  155  12:40  Zergling x4  
  159  12:46  Overseer x2  
  159  12:47  Overseer  
  158  13:05  Spore Crawler  
  156  13:08  Hatchery  
  156  13:11  Spine Crawler  
  156  13:12  Drone x9  
  163  13:13  Drone x5  
  163  13:18  Hatchery  
  167  13:24  Brood Lord x6  
  167  13:25  Brood Lord x3, Corruptor  
  187  13:27  Corruptor  
  189  13:47  Corruptor x4  
  198  13:48  Drone x3  
  200  14:06  Overlord x2  
Show
View Real Time Build Order
Export as new Build Order

Massa Terran - Winner!

Build Orders:  

Get SALT Encoding   

  12  0:00  SCV  
  13  0:12  SCV  
  14  0:21  Supply Depot  
  14  0:24  SCV  
  15  0:43  SCV  
  15  0:45  Barracks  
  16  0:50  Refinery  
  16  0:55  SCV  
  17  1:07  SCV  
  18  1:19  SCV  
  19  1:34  Reaper  
  20  1:42  Orbital Command  
  20  1:46  Barracks  
  20  2:01  Supply Depot  
  20  2:02  Supply Depot  
  20  2:03  Supply Depot  
  20  2:07  Reaper  
  21  2:18  SCV  
  21  2:20  Refinery  
  21  2:22  Supply Depot  
  22  2:35  Factory  
  22  2:49  SCV  
  23  2:51  Barracks Tech Lab  
  23  3:07  SCV  
  24  3:19  SCV  
  23  3:59  SCV  
  23  4:02  Command Center  
  24  4:04  Siege Tank  
  24  4:06  Barracks Tech Lab  
  27  4:11  Engineering Bay  
  27  4:12  Starport  
  27  4:15  Barracks Reactor  
  27  4:24  SCV  
  28  4:36  SCV, Siege Tank  
  32  4:54  Command Center  
  32  4:58  Stimpack  
  32  4:59  Marine x2  
  33  5:00  Marine  
  33  5:02  Terran Infantry Weapons Level 1  
  35  5:08  Starport Reactor  
  35  5:16  Marine  
  35  5:17  Marine  
  35  5:18  Marine  
  38  5:34  Marine  
  38  5:35  Marine  
  40  5:39  SCV  
  41  5:47  Marine  
  42  5:50  Siege Tank  
  42  5:52  SCV  
  42  5:53  Marauder  
  48  5:57  Missile Turret  
  48  6:00  Missile Turret  
  48  6:04  SCV  
  49  6:05  Orbital Command  
  49  6:07  SCV  
  50  6:16  SCV  
  51  6:21  Medivac  
  51  6:22  Medivac  
  51  6:24  Marauder, Marine x2  
  59  6:29  Widow Mine  
  59  6:30  SCV x2  
  64  6:37  Refinery, Combat Shield  
  63  6:42  Refinery, SCV x2, Marine  
  63  6:45  Refinery  
  66  6:49  Planetary Fortress  
  66  6:50  Widow Mine  
  68  6:54  SCV x2  
  70  7:06  SCV  
  70  7:07  SCV  
  72  7:29  SCV  
  73  7:31  SCV  
  73  7:32  SCV  
  75  7:41  SCV  
  75  7:42  Terran Infantry Armor Level 1  
  75  7:43  SCV  
  77  7:45  Armory  
  77  7:48  Supply Depot  
  77  7:49  Supply Depot x2  
  77  7:50  Supply Depot  
  77  7:56  SCV x2  
  77  8:09  SCV x3, Siege Tank  
  82  8:21  SCV x2  
  79  8:32  SCV  
  79  8:33  SCV x2  
  79  8:34  Marauder, Marine x2  
  82  8:41  Siege Tank  
  82  8:44  SCV  
  82  8:45  SCV x2  
  88  8:52  Marine x2  
  88  8:55  Marauder  
  92  8:56  SCV  
  92  8:58  SCV, Missile Turret  
  94  9:03  SCV, Command Center  
  94  9:08  SCV  
  94  9:09  Marine x2  
  96  9:10  SCV  
  96  9:13  Siege Tank  
  96  9:15  SCV  
  96  9:17  Marauder  
  105  9:18  Refinery  
  105  9:22  SCV, Missile Turret  
  106  9:27  Marine  
  107  9:38  Marauder  
  105  9:47  Medivac x2  
  105  9:49  Terran Infantry Armor Level 2  
  105  9:50  Terran Vehicle And Ship Armor Level 1  
  109  9:57  Supply Depot  
  109  9:58  Supply Depot  
  109  9:59  Engineering Bay, Supply Depot x2  
  109  10:05  Drilling Claws, Barracks  
  109  10:07  Barracks, Concussive Shells  
  109  10:08  Barracks  
  109  10:14  Siege Tank  
  109  10:20  Starport  
  112  10:22  Missile Turret, Supply Depot  
  112  10:23  Missile Turret  
  112  10:25  Supply Depot  
  112  10:34  Starport Tech Lab  
  112  10:35  Planetary Fortress  
  112  10:38  SCV x3  
  112  10:40  Missile Turret  
  115  10:50  SCV x3  
  118  10:57  Missile Turret  
  118  11:00  Missile Turret  
  118  11:01  Barracks Tech Lab x3  
  118  11:05  Marauder, Marine x2  
  118  11:07  Raven  
  118  11:08  Corvid Reactor  
  124  11:19  Starport Tech Lab, Missile Turret  
  124  11:23  Smart Servos, Marine, Missile Turret  
  125  11:26  Marauder  
  127  11:32  Terran Infantry Weapons Level 2  
  127  11:39  Missile Turret  
  127  11:42  Raven  
  127  11:43  Supply Depot  
  127  11:44  Terran Vehicle Weapons Level 1  
  127  11:45  Supply Depot  
  128  11:48  Marauder  
  128  11:50  Raven  
  132  12:02  Missile Turret  
  132  12:07  Supply Depot  
  132  12:10  Supply Depot  
  132  12:16  Command Center  
  132  12:25  Raven, Marauder x4  
  132  12:26  Marine  
  132  12:27  Marine  
  144  12:31  Refinery, Supply Depot  
  144  12:32  Refinery  
  144  12:33  Raven  
  144  12:34  Supply Depot  
  144  12:35  Barracks  
  144  12:36  Barracks  
  146  12:38  Factory  
  146  12:44  Marine x2  
  146  12:46  Marauder x3  
  146  12:47  Marauder  
  156  12:55  Supply Depot  
  156  13:02  Marine x2  
  157  13:08  Raven, Marauder x4  
  167  13:16  Raven  
  167  13:20  Marine x2  
  156  13:29  Marauder x2, Marine x2  
  159  13:47  Marauder, Marine  
  162  13:50  Marauder  
  162  13:51  Marauder, Medivac  
  168  13:59  Medivac  
  119  14:23  Marauder x4  
  114  14:24  Marine x2  
  114  14:26  Raven  
  114  14:28  Raven, Siege Tank  
  117  14:32  Factory Tech Lab  
  117  14:34  Barracks Tech Lab  
  114  14:40  Barracks Reactor  
  114  14:42  Marine  
  114  14:44  Marauder x2  
  114  14:45  Marauder x2  
Tags
 
Add a new tag
Caveats
  • Supply blocks, unpowered buildings, or Contaminate may cause inaccurate times.
  • Supply counts are checked every 10 seconds.